 Dungeon Crawl Stone Soup version 0.30-a0-242-g7bf8e6d787 (webtiles) character file.

Game seed: 17034067681899733627

1681 gelatine the Trooper (level 9, -2/65 HPs)
             Began as a Djinni Gladiator on Oct 11, 2022.
             Slain by a wyvern (13 damage)
             ... on level 7 of the Dungeon.
             The game lasted 00:19:43 (4358 turns).

gelatine the Trooper (Djinni Gladiator)             Turns: 4358, Time: 00:19:43

Health: -2/65      AC:  8    Str: 13    XL:     9   Next: 21%
Gold:   253        EV: 14    Int: 12    God:
                   SH:  0    Dex: 17

rFire   + + .      SeeInvis .    p - +3 whip "Mevetasiedd" {flame, Fly rElec}
rCold   x . .      Faith    .    (no shield)
rNeg    . . .      Spirit   .    k - +2 robe {Will+}
rPois   ∞          Reflect  .    c - +0 helmet
rElec   +          Harm     .    v - +0 cloak
rCorr   .          Rampage  .    M - +1 pair of gloves {Stlth+}
Will    +....                    (boots unavailable)
Stlth   ++++......               (no amulet)
HPRegen 0.30/turn                (no ring)
MPRegen 0.00/turn                (no ring)

@: flying
A: sickness immunity, fire resistance 2, cold vulnerability 1, float, innate
caster, HP casting, extra vitality 1
a: no special abilities


You were on level 7 of the Dungeon.
You visited 2 branches of the dungeon, and saw 8 of its levels.

You collected 319 gold pieces.
You spent 66 gold pieces at shops.

Inventory:

Hand Weapons
 a - a +0 rapier
 p - the +3 whip "Mevetasiedd" (weapon) {flame, Fly rElec}
   (You took it off an orc on level 6 of the Dungeon)

   It burns those it strikes, dealing additional fire damage.
   rElec:     It insulates you from electricity.
   Fly:       It grants you flight.
 E - a +2 dagger of venom
Missiles
 e - a javelin
 g - 5 atropa-tipped darts (quivered)
 j - 2 curare-tipped darts
 y - 12 poisoned darts
Armour
 c - a +0 helmet (worn)
 k - a +2 robe of willpower (worn)
 v - a +0 cloak (worn)
 M - a +1 pair of gloves of stealth (worn)
Wands
 D - a wand of charming (5)
 J - a wand of iceblast (6)
 K - a wand of flame (23)
Scrolls
 f - 3 scrolls of poison
 t - 2 scrolls of teleportation
 u - a scroll of butterflies
 w - a scroll of noise
 I - a scroll of magic mapping
 L - a scroll of vulnerability
Potions
 d - a potion of berserk rage {unknown}
 h - 4 potions of attraction {unknown}
 l - 4 potions of curing {unknown}
 n - 2 potions of brilliance {unknown}
 o - a potion of flight {unknown}
 q - a potion of magic {unknown}
 r - 2 potions of ambrosia {unknown}
 s - 3 potions of mutation {unknown}
 x - 2 potions of might {unknown}
 A - a potion of resistance {unknown}
 B - a potion of haste {unknown}
 G - a potion of cancellation {unknown}


   Skills:
 * Level 5.1 Fighting
 - Level 3.0 Short Blades
 + Level 2.7 Maces & Flails
 + Level 2.3 Throwing
 - Level 0.2 Armour
 + Level 5.0 Dodging
 * Level 4.7 Stealth
 * Level 4.4 Spellcasting


You had 8 spell levels left.
You knew the following spells:

 Your Spells              Type           Power      Damage    Failure   Level
a - Slow                  Hex            52%        N/A       3%          1
b - Poisonous Vapours     Pois/Air       26%        N/A       4%          2
c - Searing Ray           Conj           26%        2d5       4%          2
d - Portal Projectile     Hex/Tloc       26%        N/A       10%         3
Your spell library was empty.

Dungeon Overview and Level Annotations

Branches:
Dungeon (7/15)             Temple (1/1) D:4

Altars:
Cheibriados
Dithmenos
Hepliaklqana
Nemelex Xobeh
Okawaru
Qazlal
Ru
Trog
Uskayaw
Wu Jian
Xom
Yredelemnul
The Shining One

Shops:
D:3 *

Annotations:
D:6 Edmund


Innate Abilities, Weirdness & Mutations

You are immune to sickness and miasma.
You are immune to poison.
Your flesh is very heat resistant. (rF++)
You are vulnerable to cold. (rC-)
You float through the air rather than walking.
You learn spells naturally, not from books.
Your magical power is your life essence.
You have superior vitality. (+4 MHP)


Message History

Found 13 gold pieces.
The wyvern bites something!
Something completely misses your butterfly.
You reach down and open the door.
Your butterfly disappears in a burst of colours!
There is an open door here.
Casting: Slow (safe; 3% risk of failure)
Confirm with . or Enter, or press ? or * to list all spells.
Aiming: Slow (safe; 3% risk of failure)
Press: ? - help, Shift-Dir - straight line, f/p - wyvern
Aim: a wyvern (moderately wounded, chance to affect: 47%)
The wyvern seems to slow down.
Casting: Slow (safe; 3% risk of failure)
Confirm with . or Enter, or press ? or * to list all spells.
Aiming: Poisonous Vapours (safe; 4% risk of failure)
Press: ? - help, Dir - move target, f/p - wyvern
Aim: a wyvern (moderately wounded, slow) Poisonous vapours surround the wyvern!
The wyvern is poisoned.
The wyvern hisses menacingly.
The wyvern looks more healthy.
The wyvern is no longer moving slowly.
Casting: Poisonous Vapours (safe; 4% risk of failure)
Confirm with . or Enter, or press ? or * to list all spells.
Aiming: Slow (safe; 3% risk of failure)
Press: ? - help, Shift-Dir - straight line, f/p - wyvern
Aim: a wyvern (heavily wounded, chance to affect: 47%)
The wyvern resists with some effort.
The wyvern bites you!
* * * LOW HITPOINT WARNING * * *
Casting: Slow (safe; 3% risk of failure)
Confirm with . or Enter, or press ? or * to list all spells.
Aiming: Poisonous Vapours (safe; 4% risk of failure)
Press: ? - help, Dir - move target, f/p - wyvern
Aim: a wyvern (heavily wounded) Poisonous vapours surround the wyvern!
The wyvern is poisoned.
* * * LOW HITPOINT WARNING * * *
The wyvern misses you.
You hit the wyvern but do no damage.
The wyvern is heavily wounded.
The wyvern barely misses you. The wyvern bites you!
You die...

#... #.......#
###... #.......# .
..... #.......# ..
#..$ #.......#
...##... #.......#
.....b. #.......#
#...
#.......#######.b.
#@l.....#....##.lb
#.......#....##...
#.......#.........
#.......#.........
#.......'.........
#.......#######...
#.......... #...
########..... #...
......#...


You could see a wyvern (poisoned).

Vanquished Creatures
  A two-headed ogre (D:6)
  Prince Ribbit (D:5)
  2 phantoms
  A gnoll sergeant (D:6)
  3 scorpions
  2 wights (D:6)
  2 jellies
  A hound (D:5)
  Ijyb (D:3)
  3 iguanas (D:5)
  11 gnolls
  3 adders
  2 worms (D:3)
  3 dart slugs
  7 orcs
  4 ball pythons
  2 endoplasms
  3 giant cockroaches
  4 goblins
  7 hobgoblins
  4 jackals
  11 kobolds
  4 quokkas
  5 bats
  3 frilled lizards
  6 rats
96 creatures vanquished.

Vanquished Creatures (others)
  A quokka (D:4)
1 creature vanquished.

Grand Total: 97 creatures vanquished

Notes
Turn   | Place    | Note
-------+----------+-------------------------------------------
     0 | D:1      | gelatine the Djinni Gladiator began the quest for the Orb.
     0 | D:1      | Reached XP level 1. HP: 18/18 MP: 0/0
   210 | D:1      | Reached XP level 2. HP: 23/23 MP: 0/0
   485 | D:1      | Reached XP level 3. HP: 26/28 MP: 0/0
   485 | D:1      | Learned a level 1 spell: Slow
   802 | D:2      | Reached XP level 4. HP: 3/34 MP: 0/0
   956 | D:2      | Identified the +1 robe of the Pit {Harm rF+ Dex-3 Stlth+}
  1048 | D:2      | Reached skill level 1 in Stealth
  1360 | D:3      | Found Ankor's Assorted Antiques.
  1370 | D:3      | Bought a scroll labelled XAFRAIG QAJAA for 23 gold pieces
  1370 | D:3      | Bought a lumpy blue potion for 20 gold pieces
  1370 | D:3      | Bought a scroll labelled UMIOMU CA EDEINKY for 23 gold
                  | pieces
  1596 | D:3      | Reached skill level 1 in Maces & Flails
  1596 | D:3      | Reached XP level 5. HP: 38/39 MP: 0/0
  1596 | D:3      | Learned a level 2 spell: Poisonous Vapours
  1849 | D:3      | Noticed Ijyb
  1865 | D:3      | Killed Ijyb
  1866 | D:3      | Reached skill level 1 in Spellcasting
  1971 | D:3      | Noticed a phantom
  1987 | D:3      | Killed a phantom
  1988 | D:3      | Reached XP level 6. HP: 31/46 MP: 0/0
  2333 | D:4      | Found a sparkling altar of Nemelex Xobeh.
  2504 | D:4      | Found a staircase to the Ecumenical Temple.
  2516 | Temple   | Entered the Ecumenical Temple
  2598 | D:4      | Found a sacrificial altar of Ru.
  2671 | D:4      | Found a glowing golden altar of the Shining One.
  2674 | D:4      | Noticed an angel
  2879 | D:4      | Found a basalt altar of Yredelemnul.
  2881 | D:4      | Noticed a profane servitor
  2915 | D:5      | Entered Level 5 of the Dungeon
  2915 | D:5      | Noticed Prince Ribbit
  2927 | D:5      | Killed Prince Ribbit
  2928 | D:5      | Reached XP level 7. HP: 27/50 MP: 0/0
  2928 | D:5      | Learned a level 2 spell: Searing Ray
  3457 | D:5      | Reached XP level 8. HP: 56/58 MP: 0/0
  3853 | D:6      | Noticed a two-headed ogre
  3869 | D:6      | Killed a two-headed ogre
  3984 | D:6      | Identified the +3 whip "Mevetasiedd" {flame, Fly rElec}
  3997 | D:6      | Reached XP level 9. HP: 39/64 MP: 0/0
  3997 | D:6      | Learned a level 3 spell: Portal Projectile
  4000 | D:6      | Reached skill level 5 in Fighting
  4093 | D:6      | Noticed Edmund
  4103 | D:6      | Reached skill level 5 in Dodging
  4358 | D:7      | Slain by a wyvern

Illustrated notes

Levels and vault maps discovered:
D:1:      matt_arrival_grand_opening, layout_rooms, chequers_big_river
D:2:      layout_rooms
D:3:      layout_loops_ring, serial_shops, shop, minmay_three_crescents,
          uniq_ijyb
D:4:      layout_basic, nemelex_xobeh_ov_fountains_minmay,
          nicolae_ru_awakened_eye, mainiacjoe_overflow_brackets,
          grunt_temple_overflow_holy_war, temple_hall
D:5:      layout_cave_pools, uniq_prince_ribbit1
D:6:      layout_basic, uniq_edmund
D:7:      layout_gridville, grunt_temple_overflow_lords_of_destruction,
          minitemple
Temple:   hellmonk_temple_rainy

Skill      XL: |  1  2  3  4  5  6  7  8  9 |
---------------+----------------------------+-----
Short Blades   | 3 |  3.0
Stealth        | 1 2 3 4 |  4.7
Maces & Flails | 1 2 |  2.7
Spellcasting   | 1 2 3 4 |  4.4
Fighting       | 3 4 5 |  5.1
Dodging        | 4 5 |  5.0
Throwing       | 2 |  2.3
Armour         | |  0.2

Action                   |  1- 3 |  4- 6 |  7- 9 || total
-------------------------+-------+-------+-------++-------
Melee: Rapier            |    43 |       |       ||    43
       Punch             |     1 |     2 |     3 ||     6
       Whip              |    42 |    93 |    27 ||   162
       Dagger            |       |    32 |    78 ||   110
Throw: Throwing net      |       |     5 |     1 ||     6
       Dart              |       |       |    11 ||    11
       Javelin           |       |       |     3 ||     3
 Cast: Slow              |     3 |    11 |    12 ||    26
       Poisonous Vapours |       |     9 |    11 ||    20
       Searing Ray       |       |       |     8 ||     8
Evoke: Wand              |       |       |     2 ||     2
  Use: Potion            |       |       |     4 ||     4
       Scroll            |       |       |    11 ||    11
 Stab: Sleeping          |       |     7 |     1 ||     8
       Held in net/web   |       |       |     1 ||     1
Armor: Leather armour    |    20 |       |       ||    20
       Robe              |     9 |    26 |    21 ||    56
Dodge: Dodged            |    70 |    66 |    66 ||   202

Table legend: (Time is in decaauts)
 A = Elapsed time spent in this place.
 B = Non-inter-level travel time spent in this place.
 C = Inter-level travel time spent in this place.
 D = Time resting spent in this place.
 E = Time spent auto-exploring this place.
 F = Levels seen in this place.
 G = Mean time per level.
                   A        B        C        D        E       F      G
               +--------+--------+--------+--------+--------+-----+--------+
         Total |   4349 |   4252 |     97 |    388 |   2738 |   8 |  543.6 |
       Dungeon |   4329 |   4232 |     97 |    388 |   2738 |   7 |  618.4 |
        Temple |     19 |     19 |      0 |      0 |      0 |   1 |   19.0 |
               +--------+--------+--------+--------+--------+-----+--------+

Top non-repeatable levels by time:
     D:5: 928 daAuts
     D:3: 913 daAuts
     D:1: 719 daAuts
     D:2: 640 daAuts
     D:4: 627 daAuts
     D:6: 270 daAuts
     D:7: 229 daAuts
  Temple: 19 daAuts
